 Dungeon Crawl Stone Soup version 0.25.0-9-g26727b657a (webtiles) character file.

Game seed: 7033024152818351253

11227 mopl the Destroyer (level 11, -4/92 HPs)
             Began as a Naga Conjurer on June 20, 2020.
             Was a Believer of Vehumet.
             Hit by a large rock thrown by a cyclops (30 damage)
             ... on level 12 of the Dungeon.
             The game lasted 00:21:46 (9529 turns).

mopl the Destroyer (Naga Conjurer)                  Turns: 9529, Time: 00:21:47

Health: -4/92      AC:  9    Str: 10    XL:     11   Next: 74%
Magic:  27/33      EV: 10    Int: 20    God:    Vehumet [**....]
Gold:   516        SH:  4    Dex: 11    Spells: 12/28 levels left

rFire    . . .     SeeInvis +   E - +2 trident (venom)
rCold    . . .     Gourm    .   G - +0 buckler
rNeg     + . .     Faith    .   b - +3 leather armour "Jiff" {MR++}
rPois    +         Spirit   .   (no helmet)
rElec    .         Reflect  .   a - scarf {+Inv}
rCorr    .         Harm     .   j - +0 pair of gloves
MR       +++..                  (no barding)
Stlth    ++........             o - amulet of regeneration
HPRegen  0.65/turn              l - ring of magical power
MPRegen  0.23/turn              K - ring of positive energy

@: very slow
A: large, see invisible, deformed body, poison resistance, slowness 2, slow
metabolism 1, spit poison 1, AC +3
a: Spit Poison, Renounce Religion, Evoke Invisibility


You were on level 12 of the Dungeon.
You worshipped Vehumet.
Vehumet was pleased with you.
You were not hungry.

You visited 2 branches of the dungeon, and saw 13 of its levels.

You collected 516 gold pieces.

Inventory:

Hand Weapons
 y - a +0 spear
 A - a +0 dagger of venom
 C - a +1 long sword of draining
 E - a +2 trident of venom (weapon)
Missiles
 f - 62 poisoned darts (quivered)
 n - 4 javelins
 u - 2 throwing nets
 J - 2 boomerangs
Armour
 a - a scarf of invisibility (worn)
 b - the +3 leather armour "Jiff" (worn) {MR++}
   (You found it on level 4 of the Dungeon)

   It affects your resistance to hostile enchantments.
 j - a +0 pair of gloves (worn)
 D - +0 swamp dragon scales
 G - a +0 buckler (worn)
Jewellery
 l - a ring of magical power (left hand)
 o - an amulet of regeneration (around neck)
 r - an uncursed amulet of guardian spirit
 K - a ring of positive energy (right hand)
Wands
 g - a wand of flame (39)
 q - a wand of clouds (6)
 x - a wand of disintegration (10)
 B - a wand of acid (20)
 M - a wand of iceblast (7)
Scrolls
 k - 2 scrolls of magic mapping
 m - 7 scrolls of remove curse
 p - 3 scrolls of enchant weapon
 s - a scroll of blinking {unknown}
 t - 2 scrolls of teleportation
 v - a scroll of fog {unknown}
 w - 3 scrolls of enchant armour {unknown}
 I - 2 scrolls of identify
Potions
 d - 4 potions of curing
 e - 3 potions of brilliance
 h - 4 potions of haste
 i - 5 potions of heal wounds
 z - 2 potions of lignification
 F - 3 potions of cancellation
 L - a potion of mutation
Miscellaneous
 H - a lightning rod (4/4)
Comestibles
 c - 25 rations
 N - 5 chunks of flesh


   Skills:
 + Level 4.1 Fighting
 - Level 2.3 Armour
 + Level 3.9 Dodging
 - Level 3.0 Stealth
 + Level 3.0 Shields
 + Level 9.0 Spellcasting
 * Level 11.1 Conjurations
 - Level 4.0 Hexes
 - Level 5.0 Translocations
 + Level 2.0 Fire Magic
 - Level 5.0 Evocations


You had 12 spell levels left.
You knew the following spells:

 Your Spells              Type           Power        Failure   Level  Hunger
a - Magic Dart            Conj           ####         1%          1    None
b - Searing Ray           Conj           ######       1%          2    None
c - Fulminant Prism       Conj/Hex       #####.....   4%          4    ###....
d - Iskenderun's Mystic   Conj/Tloc      #####...     3%          4    ###....
f - Fireball              Conj/Fire      #####.....   19%         5    #####..

Your spell library contained the following spells:

 Spells                   Type           Power        Failure   Level  Hunger
 Freeze                   Ice            #...         10%         1    None
 Dazzling Flash           Conj/Hex       #####.       1%          3    None
 Ignite Poison            Fire/Tmut/Pois ##......     22%         3    None
 Starburst                Conj/Fire      #####.....   71%         6    ######.
 Ring of Flames           Chrm/Fire      ##........   100%        7    #######
 Ignition                 Fire           ###.......   100%        8    #######


Dungeon Overview and Level Annotations

Branches:
Dungeon (12/15)            Temple (1/1) D:7            Lair (0/6) D:8
    Orc: D:9-12

Altars:
Ashenzari
Cheibriados
Dithmenos
Elyvilon
Fedhas
Gozag
Hepliaklqana
Kikubaaqudgha
Makhleb
Nemelex Xobeh
Okawaru
Qazlal
Ru
Sif Muna
Trog
Uskayaw
Vehumet
Wu Jian
Xom
Yredelemnul
Zin
The Shining One

Shops:
D:6 :

Annotations:
D:8 exclusion: door


Innate Abilities, Weirdness & Mutations

You cannot wear boots.
Your serpentine skin is tough. (AC +3)
You have supernaturally acute eyesight. (SInv)
Armour fits poorly on your strangely shaped body.
Your system is resistant to poisons. (rPois)
You cover ground very slowly.
You have a slow metabolism.
You can spit poison.


Message History

Vehumet accepts your kill.
You feel your power returning.
A cyclops comes into view.
You have got your breath back.
Items here: ) [[ †† a +0 spear; a cursed +0 ring mail; a +0 kite shield; a gnoll corpse a big kobold corpse The cyclops throws a large rock.
The large rock hits you!
* * * LOW HITPOINT WARNING * * *
You see here a large rock.
Casting: Searing Ray (safe; 1% risk of failure)
Confirm with . or Enter, or press ? or * to list all spells.
Aiming: Searing Ray (safe; 1% risk of failure)
Press: ? - help, Shift-Dir - straight line, f - cyclops
Aim: a cyclops, quivering 4 large rocks The searing ray hits the cyclops.
The cyclops is lightly wounded. (Press . to maintain the ray.)
The cyclops throws a large rock.
The large rock hits you!!
You die...

#..######## #..#
#..# #..# #..# #..#
######.(###########
........)?.........
........(@.........
..........)........
##########..######
#..#
########(C##########
............(.......
....................
#############K......
..#####


You could see a cyclops.

Vanquished Creatures
  A great orb of eyes (D:12)
  2 two-headed ogres
  A manticore (D:11)
  A cyclops (D:11)
  An elephant (D:8)
  A gargoyle (D:10)
  Maggie (D:6)
  A troll (D:11)
  A hornet (D:11)
  2 hippogriffs
  Prince Ribbit (D:8)
  Sigmund (D:6)
  A wyvern (D:8)
  6 yaks
  A hungry ghost (D:10)
  An acid dragon (D:12)
  4 sky beasts
  A black bear (D:6)
  5 orc warriors
  2 ice beasts
  A phantom (D:8)
  An eye of draining (D:11)
  6 ogres
  3 centaurs
  3 crocodiles
  2 big kobolds
  2 gnoll sergeants
  11 bullfrogs
  3 scorpions
  A wyvern skeleton (D:7)
  3 killer bees (D:11)
  A howler monkey (D:7)
  6 crimson imps
  A bullfrog zombie (D:11)
  8 hounds
  A quasit (D:8)
  9 orc priests
  A centaur skeleton (D:4)
  5 jellies
  7 orc wizards
  2 iguanas
  4 worker ants
  2 hound zombies
  A howler monkey zombie (D:7)
  A worker ant zombie (D:11)
  22 gnolls
  9 adders
  2 shadow imps
  An adder zombie (D:8)
  2 adder skeletons
  2 worms
  3 dart slugs (D:1)
  7 leopard geckos
  32 orcs
  A ball python (D:1)
  2 giant cockroaches
  4 goblins
  A hobgoblin (D:2)
  8 jackals
  3 quokkas
  6 bats
  3 frilled lizards
  6 kobolds
  A quokka skeleton (D:6)
  3 rats
238 creatures vanquished.

Vanquished Creatures (others)
  21 fulminant prisms
21 creatures vanquished.

Grand Total: 259 creatures vanquished

Notes
Turn   | Place    | Note
-------+----------+-------------------------------------------
     0 | D:1      | mopl the Naga Conjurer began the quest for the Orb.
     0 | D:1      | Reached XP level 1. HP: 15/15 MP: 3/3
   129 | D:1      | Reached XP level 2. HP: 22/22 MP: 3/5
   135 | D:1      | Learned a level 2 spell: Searing Ray
   608 | D:1      | Reached XP level 3. HP: 18/28 MP: 1/6
  1021 | D:2      | Found a shattered altar of Ashenzari.
  1027 | D:2      | Found a burning altar of Makhleb.
  1028 | D:2      | Found a hide-covered altar of Uskayaw.
  1028 | D:2      | Found a stormy altar of Qazlal.
  1028 | D:2      | Found a glowing silver altar of Zin.
  1030 | D:2      | Found a shadowy altar of Dithmenos.
  1399 | D:2      | Found a bloodstained altar of Trog.
  1536 | D:3      | Reached XP level 4. HP: 36/36 MP: 4/8
  1552 | D:3      | Learned a level 4 spell: Fulminant Prism
  1690 | D:3      | Found a stormy altar of Qazlal.
  2115 | D:4      | Reached skill level 5 in Conjurations
  2124 | D:4      | Reached XP level 5. HP: 33/42 MP: 2/10
  2258 | D:4      | Reached skill level 1 in Hexes
  2477 | D:4      | Reached XP level 6. HP: 48/49 MP: 6/11
  2486 | D:4      | Learned a level 4 spell: Iskenderun's Mystic Blast
  2564 | D:4      | Got a dazzling leather armour
  2575 | D:4      | Identified the +3 leather armour "Jiff" {MR++} (You found
                  | it on level 4 of the Dungeon)
  2957 | D:5      | Entered Level 5 of the Dungeon
  3242 | D:5      | Reached skill level 1 in Translocations
  3336 | D:5      | Reached skill level 6 in Conjurations
  3336 | D:5      | Reached XP level 7. HP: 49/55 MP: 5/13
  3810 | D:6      | Noticed Maggie
  3819 | D:6      | Reached skill level 5 in Spellcasting
  3837 | D:6      | Killed Maggie
  3837 | D:6      | Reached XP level 8. HP: 33/62 MP: 4/16
  3991 | D:6      | Reached skill level 7 in Conjurations
  4006 | D:6      | Found a snail-covered altar of Cheibriados.
  4284 | D:6      | Noticed Sigmund
  4290 | D:6      | Killed Sigmund
  4357 | D:6      | Found Hookkit's Book Shoppe.
  4438 | D:6      | Reached XP level 9. HP: 63/68 MP: 18/18
  4610 | D:7      | Reached skill level 8 in Conjurations
  4677 | D:7      | Found an ancient bone altar of Kikubaaqudgha.
  4869 | D:7      | Found a staircase to the Ecumenical Temple.
  4878 | Temple   | Entered the Ecumenical Temple
  4933 | Temple   | Became a worshipper of Vehumet
  5190 | D:7      | Reached skill level 1 in Evocations
  5305 | D:8      | Noticed Prince Ribbit
  5394 | D:8      | Found a staircase to the Lair.
  5394 | D:8      | Noticed an elephant
  5480 | D:8      | Killed an elephant
  5480 | D:8      | Reached skill level 9 in Conjurations
  5570 | D:8      | Reached skill level 5 in Translocations
  5570 | D:8      | Reached XP level 10. HP: 75/75 MP: 17/22
  5722 | D:8      | Noticed a fire dragon
  5926 | D:8      | Reached skill level 1 in Fighting
  6550 | D:8      | Killed Prince Ribbit
  6550 | D:8      | Reached skill level 1 in Armour
  6588 | D:9      | Noticed a two-headed ogre
  6595 | D:9      | Killed a two-headed ogre
  6595 | D:9      | Reached * piety under Vehumet
  6595 | D:9      | Offered knowledge of Sandblast by Vehumet.
  6595 | D:9      | Reached skill level 1 in Shields
  6734 | D:9      | Found an ornate altar of the Wu Jian Council.
  6794 | D:9      | Found a hazy altar of Hepliaklqana.
  6926 | D:9      | Reached skill level 10 in Conjurations
  7099 | D:9      | Found an iron altar of Okawaru.
  7262 | D:10     | Entered Level 10 of the Dungeon
  7571 | D:10     | Noticed a gargoyle
  7578 | D:10     | Killed a gargoyle
  7658 | D:10     | Reached XP level 11. HP: 88/88 MP: 23/23
  7950 | D:11     | Reached ** piety under Vehumet
  7952 | D:11     | Offered knowledge of Freeze by Vehumet.
  7982 | D:11     | Noticed a manticore
  8212 | D:11     | Noticed a cyclops
  8219 | D:11     | Killed a cyclops
  8251 | D:11     | Learned a level 5 spell: Fireball
  8400 | D:11     | Found a burning altar of Makhleb.
  8598 | D:11     | Killed a manticore
  8854 | D:11     | Noticed a two-headed ogre
  8857 | D:11     | Reached skill level 1 in Fire Magic
  8862 | D:11     | Killed a two-headed ogre
  9352 | D:12     | Noticed a great orb of eyes
  9367 | D:12     | Killed a great orb of eyes
  9367 | D:12     | Reached skill level 11 in Conjurations
  9399 | D:12     | Reached skill level 5 in Evocations
  9526 | D:12     | Noticed a cyclops
  9529 | D:12     | Hit by a large rock thrown by a cyclops

Illustrated notes

Levels and vault maps discovered:
D:1:      saegor_arrival_simple_c, layout_loops_ring
D:2:      layout_loops_corners, marbit_many_paths, minitemple
D:3:      layout_rooms, grunt_qazlal_sundering
D:4:      layout_loops_ring
D:5:      layout_basic, first_ration, uniq_ijyb
D:6:      layout_loops_ring, cheibriados_altar_1, serial_shops,
          kennysheep_little_box, uniq_sigmund, uniq_maggie
D:7:      layout_loops_cross, lemuel_crystal_altar,
          minmay_temple_entry_butterflies, grunt_ogre_cave
D:8:      layout_basic, david_lair_generic, kennysheep_just_a_vault,
          uniq_prince_ribbit1
D:9:      layout_loops_ring, okawaru_gym_becter, lemuel_coloured_pillars_altar,
          lemuel_doored_altar
D:10:     layout_loops_ring
D:11:     layout_layer_cave, david_defended_altar_orc
D:12:     layout_long_grid, kennysheep_orc_monster_closet_entryway, minivault_5,
          lightli_fourway_metalbox
Temple:   cyrus_temple_forest

Skill      XL: |  1  2  3  4  5  6  7  8  9 10 11 |
---------------+----------------------------------+-----
Spellcasting   | 3 4 5 6 8 9 |  9.0
Conjurations   | 5 6 7 9 10 11 | 11.1
Hexes          | 1 2 3 4 |  4.0
Translocations | 1 2 3 5 |  5.0
Evocations     | 2 4 5 |  5.0
Fighting       | 2 4 |  4.1
Dodging        | 3 |  3.9
Armour         | 2 |  2.3
Shields        | 1 3 |  3.0
Fire Magic     | 2 |  2.0
Stealth        | |  3.0

Action                   |  1- 3 |  4- 6 |  7- 9 | 10-12 || total
-------------------------+-------+-------+-------+-------++-------
Melee: Dagger            |     2 |    16 |    32 |       ||    50
       Spear             |     6 |    19 |       |       ||    25
       Trident           |       |       |   110 |   236 ||   346
Throw: Dart              |       |     2 |       |       ||     2
 Cast: Magic Dart        |    26 |     9 |     4 |     2 ||    41
       Searing Ray       |     3 |    19 |    31 |    47 ||   100
       Iskenderun's Myst |       |       |     3 |     2 ||     5
       Fulminant Prism   |       |       |       |    21 ||    21
       Fireball          |       |       |       |     1 ||     1
 Abil: Spit Poison       |    22 |    17 |     9 |     7 ||    55
Evoke: Wand              |       |       |     1 |       ||     1
  Use: Scroll            |     1 |     7 |     4 |     2 ||    14
 Stab: Sleeping          |       |       |     7 |     5 ||    12
  Eat: Chunk             |     3 |     6 |     8 |    14 ||    31
Armor: Robe              |     9 |     9 |       |       ||    18
       Leather armour    |       |     8 |    69 |   153 ||   230
Dodge: Dodged            |    16 |    45 |    81 |   186 ||   328
Block: Buckler           |       |       |       |    52 ||    52
